 Dungeon Crawl Stone Soup version 0.25-a0-1133-g93ebf739aa (webtiles) character file.

Game seed: 4794176042085885562, levelgen mode: deterministic

198087 Flugslaktarn the Severer (level 17, -4/163 HPs)
             Began as a Deep Dwarf Fighter on May 20, 2020.
             Was the Champion of Makhleb.
             Slain by a tentacled monstrosity (9 damage)
             ... on level 5 of the Vaults.
             The game lasted 00:13:36 (13755 turns).

Flugslaktarn the Severer (Deep Dwarf Fighter)      Turns: 13755, Time: 00:13:38

Health: -4/163     AC: 34    Str: 30    XL:     17   Next: 36%
Magic:  11/11      EV:  3    Int: 20    God:    Makhleb [******]
Gold:   445        SH: 21    Dex: 10    Spells: 16/16 levels left

rFire    + + .     SeeInvis .   N - +2 broad axe of True Grit {vorpal, Fragile rF+ Str+2 Int+8 Dex-2}
rCold    + + .     Gourm    .   L - +0 tower shield (curse)
rNeg     + . .     Faith    .   I - +6 plate armour of Gotwek {Int+4}
rPois    +         Spirit   .   (no helmet)
rElec    .         Reflect  .   B - +2 cloak {rCorr}
rCorr    +         Harm     .   (no gloves)
MR       ++...                  y - +2 pair of boots
Stlth    ..........             O - amulet of Dim Light {Acrobat rF+ rC++}
HPRegen  0.00/turn              o - ring of poison resistance
MPRegen  0.12/turn              p - +4 ring of protection

@: mighty, non-regenerating, hasted, constricted, studying Axes, very quick
A: damage resistance, heal wounds, negative energy resistance 1, sense
surroundings 2, no regeneration
}: 2/15 runes: decaying, serpentine
a: Heal Wounds, Minor Destruction, Lesser Servant of Makhleb, Major Destruction,
Greater Servant of Makhleb, Renounce Religion


You were on level 5 of the Vaults.
You worshipped Makhleb.
Makhleb was exalted by your worship.
You were hungry.

You visited 6 branches of the dungeon, and saw 33 of its levels.

You collected 1075 gold pieces.
You spent 630 gold pieces at shops.

Inventory:

Hand Weapons
 N - the +2 broad axe of True Grit (weapon) {vorpal, Fragile rF+ Str+2 Int+8 Dex-2}
   (You took it off an orc warrior on level 10 of the Dungeon)

   It inflicts extra damage upon your enemies.
   It affects your strength (+2).
   It affects your intelligence (+8).
   It affects your dexterity (-2).
   It protects you from fire.
   It will be destroyed if unequipped.
 U - a +4 broad axe of venom
   (You took it off a death knight on level 2 of the Vaults)
Armour
 b - a +0 crystal plate armour
   (You found it on level 12 of the Dungeon)
 c - a +0 kite shield
 y - a +2 pair of boots (worn)
   (You found it on level 7 of the Dungeon)
 A - a +0 plate armour
   (You took it off an orc warrior on level 8 of the Dungeon)
 B - a +2 cloak of preservation (worn)
   (You found it on level 10 of the Dungeon)
 C - a +2 cloak of magic resistance
   (You found it on level 10 of the Dungeon)
 I - the +6 plate armour of Gotwek (worn) {Int+4}
   (You took it off an orc warrior on level 10 of the Dungeon)

   It affects your intelligence (+4).
 L - a cursed +0 tower shield (worn)
   (You took it off a naga mage on level 4 of the Snake Pit)
Jewellery
 i - an uncursed ring of see invisible
   (You found it on level 6 of the Dungeon)
 o - a ring of poison resistance (left hand)
   (You found it on level 7 of the Dungeon)
 p - a +4 ring of protection (right hand)
   (You found it on level 5 of the Dungeon)
 M - a cursed ring of teleportation {unknown}
   (You found it on level 4 of the Swamp)
 O - the amulet of Dim Light (around neck) {Acrobat rF+ rC++}
   (You acquired it on level 4 of the Swamp)

   [amulet of the acrobat]

   It helps you evade while moving and waiting.
   It protects you from fire.
   It greatly protects you from cold.
 S - a cursed ring of teleportation {unknown}
   (You found it on level 4 of the Swamp)
Wands
 f - a wand of iceblast (10)
   (You found it on level 10 of the Dungeon)
 v - a wand of digging (23)
   (You took it off Ijyb on level 3 of the Dungeon)
 D - a wand of enslavement (23)
   (You found it on level 2 of the Lair of Beasts)
 R - a wand of clouds (6)
   (You found it on level 4 of the Swamp)
Scrolls
 j - a scroll of magic mapping
 t - 9 scrolls of teleportation
 u - a scroll of silence
 x - 4 scrolls of remove curse
 z - 4 scrolls of blinking
 F - a scroll of immolation
 H - 5 scrolls of fear
 J - a scroll of enchant weapon
 K - a scroll of fog
Potions
 d - a potion of might
 g - 2 potions of lignification
 h - 2 potions of haste
 l - 4 potions of cancellation
 m - a potion of mutation
 n - a potion of resistance
 q - 4 potions of curing
 s - a potion of flight {unknown}
 w - 5 potions of heal wounds
 E - a potion of magic {unknown}
 G - 2 potions of ambrosia
 Q - a potion of berserk rage
Books
 P - a manual of Axes
   (You acquired it on level 4 of the Swamp)
Miscellaneous
 k - a tin of tremorstones (3/3)
   (You found it on level 9 of the Dungeon)
Comestibles
 e - 31 rations


   Skills:
 + Level 13.1 Fighting
 - Level 18.0 Axes
 + Level 15.1 Armour
 + Level 15.1 Shields
 - Level 15.0 Invocations
 - Level 6.0 Evocations


You had 16 spell levels left.
You didn't know any spells.
Your spell library was empty.

Dungeon Overview and Level Annotations

Branches:
Dungeon (15/15)            Temple (1/1) D:6            Lair (4/6) D:9
  Swamp (4/4) Lair:4        Snake (4/4) Lair:4          Orc (0/2) D:9
 Vaults (5/5) D:13          Crypt (0/3) Vaults:2     Depths (0/5) D:15

Altars:
Ashenzari
Cheibriados
Dithmenos
Elyvilon
Fedhas
Gozag
Hepliaklqana
Kikubaaqudgha
Makhleb
Nemelex Xobeh
Okawaru
Qazlal
Ru
Sif Muna
Trog
Uskayaw
Vehumet
Wu Jian
Xom
Yredelemnul
Zin
The Shining One
Beogh

Shops:
D:7 =   D:14 }   Snake:2 !

Annotations:
D:9 3 runed translucent doors, HYPERHYPER's ghost, novice DDFi
Snake:1 1 transporter
Vaults:1 24 runed doors
Vaults:5 Boris


Innate Abilities, Weirdness & Mutations

You are resistant to damage.
You can heal yourself by infusing magical energy.
You resist negative energy. (rN+)
You passively map the area around you.
You do not regenerate.


Message History

Blink to where?
Press: ? - help, Dir - move target cursor The tentacled monstrosity's grasp on you weakens, but your attempt to escape fails.
As you read the scroll of blinking, it crumbles to dust.
You block the deep troll's attack. The deep troll claws you.
* * * LOW HITPOINT WARNING * * *
You block the deep troll's attack. The cacodemon barely misses you.
The cacodemon hits you!
* * * LOW HITPOINT WARNING * * *
Unknown command.
Blink to where?
Press: ? - help, Dir - move target cursor The tentacled monstrosity's grasp on you weakens, but your attempt to escape fails.
As you read the scroll of blinking, it crumbles to dust.
A battlesphere comes into view.
The deep elf death mage hits you with a +0 rapier.
The tentacled monstrosity tentacle-slaps you!
* * * LOW HITPOINT WARNING * * *
The tentacled monstrosity tentacle-slaps you!
You die...

, ,, ,, , ,..r
.. #### #### *
### . , ...,...
, ,, , *, #.,
c.# .. ,., ,
,#.. #c##.# ..,
*,** #
,#..##2p.4##...,
* * ,
.(.pTccp..... ,
, , #.22{4.#*, ,
,,, , #cT@X$.# ,
,
,#....Te$..e*eE,
, *,
#..##....##...
#. #.##e# . * *
*, # ..# ... , ,
* ,,##.. .##., ,
##., # . , * * ,
*. * , * , * ,
,,


You could see a tentacled monstrosity, a cacodemon (summoned), 2 yaktaur
captains, a deep elf death mage, 2 deep trolls, a shadow demon (summoned), an
orange demon (summoned), 2 vault sentinels, a deep elf knight, an ironbrand
convoker (summoned), a deep troll earth mage (summoned), an earth elemental
(summoned), 3 yaktaurs, 2 deep elf magi, a tormentor (summoned), a red devil
(summoned) and a battlesphere.

Vanquished Creatures
  A golden dragon (Vaults:5)
  Rupert (D:13)
  5 thorn hunters
  3 vault wardens
  8 nagarajas
  2 ironheart preservers
  A caustic shrike zombie (D:15)
  A stone giant (Vaults:5)
  2 yaktaur captains
  4 vault guards
  A rakshasa (Vaults:3)
  An ice dragon (Vaults:1)
  2 hydras
  4 naga warriors
  12 anacondas
  A catoblepas (D:13)
  2 death knights (Vaults:2)
  4 centaur warriors
  16 two-headed ogres
  4 ogre magi
  3 death yaks (Lair:4)
  Urug (D:13)
  3 naga sharpshooters
  Nergalle (Lair:4)
  5 shock serpents
  The ghost of Umifoh the Frost Mage, a novice DEIE of Sif Muna (D:10)
  A salamander mystic (Snake:2)
  A shadow wraith (Vaults:1)
  3 unseen horrors
  A deep elf archer (Vaults:4)
  A spriggan druid (Swamp:3)
  6 naga ritualists
  4 ironbrand convokers
  5 swamp dragons
  2 wizards (Vaults:1)
  2 harpies (Vaults:4)
  4 orc knights (Vaults:1)
  A wolf spider (Vaults:4)
  5 ugly things (D:14)
  A deep elf mage (Vaults:5)
  A necromancer (Vaults:4)
  A mana viper (Snake:4)
  2 cyclopes
  An oklob plant (Lair:4)
  A manticore (D:11)
  3 salamanders
  6 elephants (Lair:4)
  3 vault sentinels (Vaults:1)
  14 naga magi
  26 black mambas
  A black mamba (shapeshifter) (Vaults:4)
  9 guardian serpents (Snake:4)
  2 centaur skeletons
  A spiny frog (shapeshifter) (Vaults:1)
  2 gargoyles
  9 spiny frogs
  A yaktaur zombie (D:15)
  A rime drake (Lair:4)
  13 yaktaurs
  5 komodo dragons
  A guardian mummy (D:15)
  A spriggan skeleton (D:15)
  A tengu conjurer (D:13)
  A troll (shapeshifter) (Vaults:1)
  4 polar bears (Lair:4)
  2 trolls
  3 blink frogs
  8 hornets
  3 tyrant leeches (Swamp:3)
  6 bog bodies
  2 dream sheep (D:8)
  22 slime creatures
  A stone giant simulacrum (Vaults:1)
  9 hippogriffs
  Sigmund (D:6)
  9 spriggans
  2 wyverns
  A wraith (D:10)
  Eustachio (D:5)
  26 yaks
  15 humans (D:13)
  2 basilisks
  A hungry ghost (D:11)
  10 vampire mosquitoes
  A steam dragon (D:7)
  Menkaure (D:5)
  3 insubstantial wisps (Swamp:3)
  6 swamp worms
  3 wargs
  34 nagas
  10 water moccasins
  2 porcupines
  Duvessa (D:5)
  A soldier ant (D:15)
  11 orc warriors
  11 swamp drakes
  2 sky beasts
  5 ice beasts
  2 black bears
  A phantom (D:5)
  5 centaurs
  7 ogres
  8 crocodiles
  5 big kobolds
  15 bullfrogs
  Dowan (D:5)
  2 scorpions
  3 killer bees (D:7)
  4 wights (D:9)
  10 howler monkeys
  A centaur zombie (D:8)
  7 crimson imps
  2 bullfrog zombies
  A quasit (D:9)
  4 orc priests
  4 hounds
  13 orc wizards
  A bullfrog skeleton (D:8)
  3 jellies
  3 iguanas
  Ijyb (D:3)
  10 worker ants
  A hound zombie (D:5)
  A hound skeleton (D:10)
  4 gnolls (D:10)
  A howler monkey skeleton (D:10)
  6 adders
  2 shadow imps (D:5)
  An ooze (D:1)
  A worm (D:2)
  2 dart slugs
  4 leopard geckos
  41 orcs
  5 ball pythons
  4 bats
  5 giant cockroaches
  10 goblins
  7 hobgoblins
  4 jackals (D:3)
  A quokka (D:11)
  3 frilled lizards (D:3)
  A jackal skeleton (D:5)
  14 kobolds
  A quokka zombie (D:7)
  3 rats
  8 briar patches
  2 plants (Lair:4)
696 creatures vanquished.

Vanquished Creatures (collateral kills)
  3 thorn hunters (Swamp:4)
  2 nagarajas (Snake:4)
  7 hydras (Swamp:4)
  2 naga warriors (Snake:4)
  2 anacondas (Snake:4)
  A shambling mangrove (Swamp:4)
  A shock serpent (Snake:4)
  A naga sharpshooter (Snake:4)
  4 swamp dragons (Swamp:4)
  A naga ritualist (Snake:4)
  A mana viper (Snake:4)
  A salamander (Snake:4)
  A naga mage (Snake:4)
  3 guardian serpents (Snake:4)
  2 black mambas (Snake:4)
  A tyrant leech (Swamp:4)
  A bog body (Swamp:4)
  5 nagas (Snake:4)
  9 swamp drakes (Swamp:4)
  An orc warrior (D:10)
  A briar patch (Swamp:4)
50 creatures vanquished.

Vanquished Creatures (others)
  A naga warrior (Snake:4)
  A naga mage (Snake:4)
  A human (D:13)
  A vampire mosquito (Swamp:3)
  A worm (D:2)
  A bat (D:2)
  A frilled lizard (D:2)
  9 briar patches
  A fungus (Lair:1)
17 creatures vanquished.

Grand Total: 763 creatures vanquished

Notes
Turn   | Place    | Note
-------+----------+-------------------------------------------
     0 | D:1      | Flugslaktarn the Deep Dwarf Fighter began the quest for the
                  | Orb.
     0 | D:1      | Reached XP level 1. HP: 20/20 MP: 1/1
    72 | D:2      | Found a radiant altar of Vehumet.
    94 | D:2      | Reached XP level 2. HP: 27/27 MP: 2/2
   107 | D:2      | Noticed a howler monkey
   115 | D:2      | Killed a howler monkey
   115 | D:2      | Reached skill level 3 in Axes
   115 | D:2      | Reached XP level 3. HP: 20/34 MP: 3/3
   459 | D:2      | Reached XP level 4. HP: 37/42 MP: 4/4
   663 | D:3      | Noticed Ijyb
   693 | D:3      | Killed Ijyb
   693 | D:3      | Reached skill level 4 in Axes
   693 | D:3      | Reached XP level 5. HP: 49/49 MP: 5/5
   886 | D:5      | Entered Level 5 of the Dungeon
   946 | D:5      | Reached XP level 6. HP: 46/57 MP: 6/6
   988 | D:5      | Noticed Duvessa
   992 | D:5      | Noticed Dowan
  1015 | D:5      | Killed Duvessa
  1015 | D:5      | Reached skill level 5 in Axes
  1018 | D:5      | Killed Dowan
  1127 | D:5      | Noticed Menkaure
  1133 | D:5      | Reached XP level 7. HP: 27/64 MP: 7/7
  1142 | D:5      | Killed Menkaure
  1142 | D:5      | Reached skill level 5 in Armour
  1142 | D:5      | Reached skill level 5 in Shields
  1161 | D:5      | Noticed Eustachio
  1191 | D:5      | Killed Eustachio
  1191 | D:5      | Reached skill level 6 in Axes
  1288 | D:5      | Reached XP level 8. HP: 43/73 MP: 5/5
  1570 | D:6      | Reached skill level 7 in Axes
  1670 | D:6      | Reached skill level 5 in Fighting
  1731 | D:6      | Noticed Sigmund
  1749 | D:6      | Killed Sigmund
  2122 | D:6      | Found a staircase to the Ecumenical Temple.
  2131 | Temple   | Entered the Ecumenical Temple
  2195 | Temple   | Became a worshipper of Makhleb the Destroyer
  2288 | D:7      | Reached skill level 8 in Axes
  2388 | D:7      | Reached skill level 1 in Invocations
  2478 | D:7      | Gained mutation: You passively map the area around you.
                  | [Deep Dwarf growth]
  2478 | D:7      | Reached XP level 9. HP: 30/81 MP: 4/4
  2685 | D:7      | Reached skill level 9 in Axes
  2787 | D:7      | Found Zimer's Jewellery Shop.
  3102 | D:8      | Reached * piety under Makhleb
  3361 | D:8      | Reached XP level 10. HP: 92/92 MP: 3/3
  3464 | D:8      | Reached skill level 10 in Axes
  3466 | D:8      | Reached skill level 5 in Invocations
  3473 | D:8      | Reached ** piety under Makhleb
  3500 | D:8      | Noticed a three-headed hydra
  3505 | D:8      | Killed a one-headed hydra
  3797 | D:9      | Found a staircase to the Orcish Mines.
  3865 | D:9      | Found a staircase to the Lair.
  3978 | D:9      | Found a hazy altar of Hepliaklqana.
  3979 | D:9      | Found a shimmering altar of Xom.
  4048 | D:9      | Found a stormy altar of Qazlal.
  4208 | D:9      | Found an ornate altar of the Wu Jian Council.
  4209 | D:9      | Found a glowing golden altar of the Shining One.
  4212 | D:9      | Found a sacrificial altar of Ru.
  4213 | D:9      | Found a blossoming altar of Fedhas.
  4213 | D:9      | Found a sparkling altar of Nemelex Xobeh.
  4219 | D:9      | Reached *** piety under Makhleb
  4223 | D:9      | Found a bloodstained altar of Trog.
  4297 | D:9      | Found a runed translucent gate.
  4297 | D:9      | Found a runed translucent gate.
  4297 | D:9      | Found a runed translucent gate.
  4297 | D:9      | Noticed HYPERHYPER's ghost (novice DDFi)
  4297 | D:9      | Noticed a spectral centaur warrior
  4758 | D:10     | Entered Level 10 of the Dungeon
  4768 | D:10     | Reached skill level 1 in Evocations
  4882 | D:10     | Noticed a two-headed ogre
  4900 | D:10     | Killed a two-headed ogre
  4900 | D:10     | Reached XP level 11. HP: 66/100 MP: 5/5
  4956 | D:10     | Reached skill level 11 in Axes
  5311 | D:10     | Reached **** piety under Makhleb
  5368 | D:10     | Found a runed translucent gate.
  5368 | D:10     | Found a runed translucent gate.
  5368 | D:10     | Found a runed translucent gate.
  5392 | D:10     | Killed an unseen horror
  5405 | D:10     | Identified the cursed +2 broad axe of True Grit {vorpal,
                  | Fragile rF+ Str+2 Int+8 Dex-2}
  5405 | D:10     | Identified the +6 plate armour of Gotwek {Int+4}
  5405 | D:10     | Noticed Umifoh's ghost (novice DEIE)
  5516 | D:10     | Found a roughly hewn altar of Beogh.
  5552 | D:10     | Killed Umifoh's ghost
  5672 | D:11     | Noticed a two-headed ogre
  5689 | D:11     | Killed a two-headed ogre
  5745 | D:11     | Noticed a two-headed ogre
  5749 | D:11     | Reached skill level 12 in Axes
  5755 | D:11     | Killed a two-headed ogre
  5925 | Lair:1   | Entered Level 1 of the Lair of Beasts
  6081 | Lair:2   | Reached XP level 12. HP: 110/110 MP: 7/7
  7138 | Lair:3   | Reached ***** piety under Makhleb
  7374 | Lair:3   | Reached skill level 13 in Axes
  7401 | Lair:3   | Reached skill level 10 in Armour
  7401 | Lair:3   | Reached skill level 10 in Shields
  7976 | Lair:4   | Found a staircase to the Swamp.
  8051 | Lair:4   | Found a staircase to the Snake Pit.
  8072 | Lair:4   | Noticed a death yak
  8073 | Lair:4   | Noticed a death yak
  8075 | Lair:4   | Reached skill level 10 in Invocations
  8076 | Lair:4   | Noticed a death yak
  8086 | Lair:4   | Killed a death yak
  8087 | Lair:4   | Noticed Nergalle
  8098 | Lair:4   | Killed a death yak
  8098 | Lair:4   | Reached XP level 13. HP: 111/121 MP: 9/9
  8108 | Lair:4   | Killed Nergalle
  8560 | Lair:4   | Reached skill level 14 in Axes
  8813 | D:13     | Found a gate to the Vaults.
  8813 | D:13     | Noticed Urug
  8813 | D:13     | Noticed Rupert
  8874 | D:13     | Killed Rupert
  8880 | D:13     | Killed Urug
  8908 | D:13     | You fall into a shaft and drop 1 floor!
  8908 | D:14     | Found Karesutz's Gadget Emporium.
  9031 | D:15     | Entered Level 15 of the Dungeon
  9086 | D:15     | Found a blossoming altar of Fedhas.
  9370 | D:15     | Found a staircase to the Depths.
  9393 | D:15     | Reached skill level 15 in Axes
  9692 | Snake:1  | Entered Level 1 of the Snake Pit
  9711 | Snake:1  | Found a transporter.
  9712 | Snake:1  | Noticed a nagaraja
  9716 | Snake:1  | Noticed a nagaraja
  9743 | Snake:1  | Gained mutation: You resist negative energy. (rN+) [Deep
                  | Dwarf growth]
  9743 | Snake:1  | Reached XP level 14. HP: 80/130 MP: 10/10
  9753 | Snake:1  | Found a shimmering blue altar of Sif Muna.
  9762 | Snake:1  | Noticed a nagaraja
  9815 | Snake:1  | Noticed a nagaraja
  9856 | Snake:2  | Reached ****** piety under Makhleb
  9869 | Snake:2  | Found Dubru's Distillery.
  9874 | Snake:2  | Bought a potion of haste for 180 gold pieces
  9874 | Snake:2  | Bought a potion of haste for 180 gold pieces
  9874 | Snake:2  | Bought a potion of resistance for 180 gold pieces
  9874 | Snake:2  | Bought a potion of heal wounds for 90 gold pieces
  9912 | Snake:2  | Reached skill level 10 in Fighting
 10056 | Snake:3  | Noticed a nagaraja
 10063 | Snake:3  | Killed a nagaraja
 10117 | Snake:4  | Entered Level 4 of the Snake Pit
 10306 | Snake:4  | Reached skill level 16 in Axes
 10494 | Snake:4  | Noticed a nagaraja
 10503 | Snake:4  | Killed a nagaraja
 10552 | Snake:4  | Noticed a nagaraja
 10566 | Snake:4  | Killed a nagaraja
 10566 | Snake:4  | Reached XP level 15. HP: 71/140 MP: 10/10
 10586 | Snake:4  | Noticed a nagaraja
 10586 | Snake:4  | Noticed a nagaraja
 10593 | Snake:4  | Killed a nagaraja
 10597 | Snake:4  | Killed a nagaraja
 10681 | Snake:4  | Noticed a nagaraja
 10681 | Snake:4  | Noticed a nagaraja
 10685 | Snake:4  | Noticed a nagaraja
 10688 | Snake:4  | Noticed a nagaraja
 10701 | Snake:4  | Killed a nagaraja
 10708 | Snake:4  | Noticed a nagaraja
 10717 | Snake:4  | Killed a nagaraja
 10717 | Snake:4  | Killed a nagaraja
 10725 | Snake:4  | Killed a nagaraja
 10738 | Snake:4  | Killed a nagaraja
 10738 | Snake:4  | Reached skill level 17 in Axes
 10793 | Snake:4  | Got a serpentine rune of Zot
 11053 | Swamp:1  | Entered Level 1 of the Swamp
 11161 | Swamp:1  | Noticed a thorn hunter
 11178 | Swamp:1  | Killed a thorn hunter
 11638 | Swamp:3  | Noticed a thorn hunter
 11664 | Swamp:3  | Killed a thorn hunter
 11673 | Swamp:4  | Entered Level 4 of the Swamp
 11674 | Swamp:4  | Identified 2 scrolls of acquirement
 11678 | Swamp:4  | Got the amulet of Dim Light {Acrobat rF+ rC++}
 11689 | Swamp:4  | Reached XP level 16. HP: 102/151 MP: 10/10
 11808 | Swamp:4  | Noticed a thorn hunter
 11859 | Swamp:4  | Killed a thorn hunter
 12113 | Swamp:4  | Noticed a thorn hunter
 12136 | Swamp:4  | Noticed a thorn hunter
 12151 | Swamp:4  | Killed a thorn hunter
 12152 | Swamp:4  | Killed a thorn hunter
 12152 | Swamp:4  | Reached skill level 18 in Axes
 12197 | Swamp:4  | Noticed a thorn hunter
 12206 | Swamp:4  | Killed a thorn hunter
 12250 | Swamp:4  | Noticed a thorn hunter
 12260 | Swamp:4  | Killed a thorn hunter
 12283 | Swamp:4  | Got a decaying rune of Zot
 12300 | Swamp:4  | Noticed a thorn hunter
 12339 | Swamp:4  | Killed a thorn hunter
 12679 | Vaults:1 | Entered Level 1 of the Vaults
 12838 | Vaults:1 | Reached skill level 15 in Invocations
 12856 | Vaults:1 | Found a huge runed gate.
 12856 | Vaults:1 | Found a huge runed gate.
 12899 | Vaults:1 | Found a huge runed gate.
 12899 | Vaults:1 | Found a huge runed gate.
 12899 | Vaults:1 | Found a huge runed gate.
 12899 | Vaults:1 | Found a huge runed gate.
 12899 | Vaults:1 | Found a huge runed gate.
 12899 | Vaults:1 | Found a huge runed gate.
 12899 | Vaults:1 | Found a huge runed gate.
 12899 | Vaults:1 | Found a huge runed gate.
 12899 | Vaults:1 | Found a huge runed gate.
 12899 | Vaults:1 | Found a huge runed gate.
 12900 | Vaults:1 | Found a huge runed gate.
 12901 | Vaults:1 | Found a huge runed gate.
 12902 | Vaults:1 | Found a huge runed gate.
 12903 | Vaults:1 | Found a huge runed gate.
 12904 | Vaults:1 | Found a huge runed gate.
 12912 | Vaults:1 | Found a huge runed gate.
 12912 | Vaults:1 | Found a huge runed gate.
 12912 | Vaults:1 | Found a huge runed gate.
 12912 | Vaults:1 | Found a huge runed gate.
 12912 | Vaults:1 | Found a huge runed gate.
 12912 | Vaults:1 | Found a huge runed gate.
 12912 | Vaults:1 | Found a huge runed gate.
 13143 | Vaults:1 | Reached XP level 17. HP: 162/162 MP: 12/12
 13710 | Vaults:5 | Entered Level 5 of the Vaults
 13711 | Vaults:5 | Noticed a titan
 13721 | Vaults:5 | Reached skill level 15 in Armour
 13723 | Vaults:5 | Noticed Boris
 13729 | Vaults:5 | Noticed an ancient lich
 13729 | Vaults:5 | Noticed a golden dragon
 13734 | Vaults:5 | Noticed a tentacled monstrosity
 13740 | Vaults:5 | Reached skill level 15 in Shields
 13747 | Vaults:5 | Killed a golden dragon
 13755 | Vaults:5 | HP: 5/163 [tentacled monstrosity (10)]
 13755 | Vaults:5 | Slain by a tentacled monstrosity

Illustrated notes

Levels and vault maps discovered:
D:1:      erik_arrival_triangle_medium, layout_basic
D:2:      kennysheep_the_goblin_king, layout_basic, fiery_altar_vehumet
D:3:      layout_rooms, minmay_statues_item, uniq_ijyb, uniq_crazy_yiuf_cottage
D:4:      layout_loops_ring, first_ration, kennysheep_generic_room_3,
          uniq_blork_the_orc, uniq_natasha
D:5:      layout_basic, uniq_menkaure, uniq_eustachio, uniq_duvessa
D:6:      layout_basic, minmay_temple_entry_nine_rooms,
          chequers_serial_rivers_micro_d, uniq_sigmund
D:7:      layout_gridville, serial_shops, shop_fountains
D:8:      layout_rooms, hangedman_ranch [blue_anna_fruit_fields]
D:9:      layout_gridville, regret_index_temple_of_mockery,
          grunt_temple_overflow_open, dpeg_oklobed_lair, basic_altar,
          gammafunk_ghost_necromancy
D:10:     layout_roguey, biasface_ghost_orc_armoury
D:11:     layout_roguey, portal_ice_cave_entry_animals_and_master,
          kennysheep_doodads, uniq_harold
D:12:     layout_cave_pods
D:13:     layout_cave_pools, david_vaults_3
D:14:     layout_cave_pools, serial_shops, shop, kennysheep_generic_room_12
D:15:     gammafunk_depths_entry_grave, layout_rooms, serial_corexii_hall,
          corexii_hall_statues_x, chequers_hall_statues_wall_a,
          corexii_hall_statues_l, corexii_hall_statues_s,
          corexii_hall_statues_u, chequers_hall_statues_wall_a,
          minmay_crystal_water, fedhas_altar_2
Temple:   dshaligram_water_room_temple
Lair:1:   layout_roguey, grunt_megastairs_5, lemuel_fruit_tree,
          infiniplex_staircase_pool_2
Lair:2:   layout_layer_cave, grunt_megastairs_1
Lair:3:   layout_regular_city
Lair:4:   layout_big_grid, skrybe_swamp_entry_bodies,
          minmay_snake_entry_guardpost_small, cheibrodos_lair_lostbears,
          serial_bayou_shore_a, grunt_megastairs_2, uniq_nergalle
Swamp:1:  layout_basic_swamp, hangedman_swamp_ruin_wall
Swamp:2:  layout_falls_marsh, evilmike_swamp_ruin_house_3
Swamp:3:  layout_falls_marsh, serial_swamp_ruin, evilmike_swamp_ruin_rubble_2,
          evilmike_swamp_ruin_rubble_1, evilmike_swamp_ruin_house_5,
          nicolae_swamp_trees_clearing, swamp_pool3, uniq_roxanne
Swamp:4:  swamp_basic_johnstein, layout_basic_swamp, nicolae_swamp_snake_nest
Snake:1:  gammafunk_sealed_library, layout_grid_maze
Snake:2:  onia_ninara_swampy_vault, layout_misc_corridors, serial_shops, shop,
          uniq_aizul, uniq_louise
Snake:3:  layout_misc_corridors
Snake:4:  grunt_snake_rune_serpentine_throne, layout_misc_corridors
Vaults:1: v_rooms_5, nicolae_vaults_stairing_the_circle,
          vaults_not_door_vault_mu, v_misc_15, v_misc_17,
          nicolae_vaults_network_star, hangedman_vaults_restitches,
          ontoclasm_vaults_tryst, grunt_vaults_trifunnel,
          vaults_mumra_bighexcomb, hangedman_vaults_nails,
          hangedman_vaults_corner_blocks, hangedman_vaults_stretched_pinwheel,
          vaults_room_grid, layout_vaults_maze
Vaults:2: blue_anna_dwarven_crypt, vaults_room_door_ring,
          nicolae_vaults_network_quinsquares
          [nicolae_vaults_network_quincunx_subvault,
          nicolae_vaults_network_quincunx_subvault,
          nicolae_vaults_network_quincunx_subvault,
          nicolae_vaults_network_quincunx_subvault], hangedman_vaults_pinch,
          vaults_room_door_ring, nicolae_vaults_ring_of_whatevers,
          nicolae_vaults_rhombus_5, nicolae_vaults_little_squares_5, v_misc_11,
          layout_vaults_omnigrid
Vaults:3: hangedman_vaults_stretched_pinwheel, v_misc_23, v_rooms_3,
          ontoclasm_vaults_ring_large, v_alt_pattern_5, v_misc_11, v_misc_19,
          nicolae_vaults_big_angled_halls, hangedman_vaults_snaps,
          nicolae_vaults_diagonal_hallway_7, v_misc_23, vaults_mumra_minichess,
          vaults_mumra_chevron, nicolae_vaults_sealed_display,
          ontoclasm_vaults_shuriken, vaults_dpeg_hooks, layout_vaults_omnibox
Vaults:4: gammafunk_vaults_ghost_necromancy, v_misc_12,
          nicolae_vaults_little_squares_2, v_misc_11, st_eye, v_misc_11,
          v_rooms_1, ontoclasm_vaults_chip, ontoclasm_vaults_hangar,
          layout_vaults_chaotic_city, uniq_mennas, uniq_margery
Vaults:5: serial_shops, uniq_boris, uniq_xtahua

Skill      XL: |  1  2  3  4  5  6  7  8  9 10 11 12 13 14 15 16 17 |
---------------+----------------------------------------------------+-----
Fighting       | 3 4 5 6 7 8 9 10 11 12 13 | 13.1
Axes           | 3 4 5 6 8 9 10 12 13 15 16 17 18 | 18.0
Armour         | 4 5 6 7 8 9 10 11 12 13 14 15 | 15.1
Shields        | 4 5 6 7 8 9 10 11 12 13 14 15 | 15.1
Invocations    | 1 4 6 8 10 11 12 14 15 | 15.0
Evocations     | 6 |  6.0

Action                   |  1- 3 |  4- 6 |  7- 9 | 10-12 | 13-15 | 16-18 || total
-------------------------+-------+-------+-------+-------+-------+-------++-------
Melee: War axe           |    60 |   181 |   396 |   315 |       |       ||   952
       Falchion          |       |       |       |    10 |       |       ||    10
       Broad axe         |       |       |       |   333 |  1005 |   573 ||  1911
Invok: Lesser Servant of |       |       |       |     2 |       |       ||     2
       Greater Servant o |       |       |       |       |     6 |     3 ||     9
 Abil: Heal Wounds       |     1 |     5 |    17 |     6 |    22 |     9 ||    60
Evoke: Tin of tremorston |       |       |       |       |     3 |       ||     3
  Use: Scroll            |       |       |    11 |     7 |     8 |     6 ||    32
       Potion            |       |       |       |     1 |     4 |     2 ||     7
 Stab: Petrified         |       |       |       |       |    11 |       ||    11
       Petrifying        |       |       |       |       |     3 |       ||     3
       Distracted        |       |       |       |       |     4 |     5 ||     9
  Eat: Chunk             |       |     1 |     5 |    11 |     3 |     4 ||    24
       Ration            |       |       |     1 |     2 |     3 |     1 ||     7
Armor: Scale mail        |    27 |    98 |   105 |       |       |       ||   230
       Chain mail        |       |       |   116 |       |       |       ||   116
       Plate armour      |       |       |    69 |   493 |   764 |   289 ||  1615
Dodge: Dodged            |    13 |    66 |   121 |   149 |   206 |   101 ||   656
Block: Kite shield       |    34 |   126 |   276 |   466 |   380 |       ||  1282
       Tower shield      |       |       |       |       |   551 |   606 ||  1157

Table legend:
 A = Non-vault XP
 B = Vault XP
 C = Vault XP percentage of total XP
 D = Non-vault monster count
 E = Vault monster count
 F = Vault count percentage of total count
                 A         B        C        D         E       F
            +---------+---------+-------+---------+---------+-------
      Total |  136639 |  106343 |  43.8 |     509 |     230 |  31.1
            +---------+---------+-------+---------+---------+-------
        D:1 |      28 |       0 |   0.0 |      12 |       0 |   0.0
        D:2 |     100 |      13 |  11.5 |      13 |       7 |  35.0
        D:3 |      26 |      36 |  58.1 |      15 |       1 |   6.2
        D:5 |     731 |     600 |  45.1 |      27 |       4 |  12.9
        D:6 |     534 |     220 |  29.2 |      12 |       1 |   7.7
        D:7 |    1785 |       0 |   0.0 |      24 |       0 |   0.0
        D:8 |    1740 |    2171 |  55.5 |      27 |       8 |  22.9
        D:9 |    1453 |       0 |   0.0 |      36 |       0 |   0.0
       D:10 |    4680 |    1177 |  20.1 |      33 |      10 |  23.3
       D:11 |    4231 |       0 |   0.0 |      22 |       0 |   0.0
       D:13 |     919 |    7738 |  89.4 |       1 |      20 |  95.2
       D:14 |    4738 |    1329 |  21.9 |      13 |       2 |  13.3
       D:15 |    2939 |    2558 |  46.5 |       8 |       4 |  33.3
     Lair:1 |     624 |     918 |  59.5 |       3 |       3 |  50.0
     Lair:2 |    3276 |     807 |  19.8 |      15 |       3 |  16.7
     Lair:3 |    4184 |       0 |   0.0 |      17 |       0 |   0.0
     Lair:4 |    7438 |    6251 |  45.7 |      24 |      19 |  44.2
    Swamp:1 |    9153 |       0 |   0.0 |      24 |       0 |   0.0
    Swamp:3 |    7316 |       0 |   0.0 |      25 |       0 |   0.0
    Swamp:4 |   10330 |   15680 |  60.3 |      18 |      41 |  69.5
    Snake:1 |    2836 |       0 |   0.0 |       5 |       0 |   0.0
    Snake:2 |    8209 |       0 |   0.0 |      17 |       0 |   0.0
    Snake:3 |   10648 |       0 |   0.0 |      21 |       0 |   0.0
    Snake:4 |   12884 |   39208 |  75.3 |      31 |      66 |  68.0
   Vaults:1 |   26734 |   12290 |  31.5 |      49 |      28 |  36.4
   Vaults:2 |    4684 |    1826 |  28.0 |      10 |       2 |  16.7
   Vaults:3 |    1856 |       0 |   0.0 |       2 |       0 |   0.0
   Vaults:4 |    2375 |    4401 |  64.9 |       4 |       5 |  55.6
   Vaults:5 |     188 |    9120 |  98.0 |       1 |       6 |  85.7
            +---------+---------+-------+---------+---------+-------
